 Dungeon Crawl Stone Soup version 0.27.1-33-g824d729ab1 (webtiles) character file.

Game seed: 5657446683664172256

28 Fetmaboll the Poker (level 2, 0/22 HPs)
             Began as a Demonspawn Gladiator on Dec 1, 2021.
             Slain by a goblin (1 damage)
             ... led by Robin
             ... on level 2 of the Dungeon.
             The game lasted 00:06:21 (1254 turns).

Fetmaboll the Poker (Demonspawn Gladiator)          Turns: 1254, Time: 00:06:22

Health: 0/22       AC: 12    Str: 14    XL:     2   Next: 96%
Magic:  2/2        EV: 12    Int:  9    God:
Gold:   23         SH:  0    Dex: 14    Spells: 0/1 levels left

rFire    . . .     SeeInvis .   a - +0 trident
rCold    . . .     Faith    .   (no shield)
rNeg     . . .     Spirit   .   b - +0 leather armour
rPois    .         Reflect  .   c - +0 helmet
rElec    .         Harm     .   (no cloak)
rCorr    .         Rampage  .   (no gloves)
Will     .....                  (no boots)
Stlth    +.........             (no amulet)
HPRegen  0.07/turn              e - +4 ring of protection
MPRegen  0.08/turn              i - +4 ring of protection

@: no status effects
A: sturdy frame 1
a: no special abilities


You were on level 2 of the Dungeon.
You visited 1 branch of the dungeon, and saw 2 of its levels.

You collected 23 gold pieces.

Inventory:

Hand Weapons
 a - a +0 trident (weapon)
Missiles
 d - 3 throwing nets (quivered)
Armour
 b - a +0 leather armour (worn)
 c - a +0 helmet (worn)
Jewellery
 e - a +4 ring of protection (left hand)
 i - a +4 ring of protection (right hand)
Scrolls
 f - 2 scrolls of enchant weapon {unknown}
 g - a scroll of teleportation {unknown}
Potions
 h - 2 potions of magic {unknown}


   Skills:
 + Level 2.1 Fighting
 * Level 3.5 Polearms
 - Level 1.7 Throwing
 + Level 0.3 Armour
 - Level 2.6 Dodging
 - Level 0.1 Stealth
 * Level 0.3 Spellcasting


You couldn't memorise any spells.
You knew the following spells:

 Your Spells              Type           Power      Damage    Failure   Level
a - Animate Skeleton      Necr           0%         N/A       38%         1

Your spell library contained the following spells:

 Spells                   Type           Power      Damage    Failure   Level
 Pain                     Necr           0%         1d4       38%         1
 Vampiric Draining        Necr           0%         2d6       77%         3


Dungeon Overview and Level Annotations

Branches:
Dungeon (2/15)

Altars:

Annotations:
D:2 Robin


Innate Abilities, Weirdness & Mutations

Your movements are slightly less encumbered by armour. (ER -2)


Message History

You puncture the goblin!
You kill the goblin!
The goblin hits you but does no damage.
Robin roars a battlecry!
The goblins go into a battle-frenzy!
There is an open door, spattered with blood here.
You see here a +0 club.
The goblin barely misses you. The goblin hits you but does no damage.
Robin throws the goblin at you! The goblin hits you but does no damage.
The goblin closely misses you.
The goblin no longer looks unusually strong.
The goblin no longer looks unusually strong. x2
The hobgoblin no longer looks unusually strong.
Robin roars a battlecry!
The goblins go into a battle-frenzy!
The goblin hits you but does no damage. The goblin closely misses you.
Found a dented blue amulet.
The goblin hits you but does no damage. The goblin misses you.
The goblin no longer looks unusually strong.
The goblin hits you with a +0 club.
* * * LOW HITPOINT WARNING * * *
The hobgoblin no longer looks unusually strong.
The goblin no longer looks unusually strong.
Found a sedimented inky potion.
The goblin no longer looks unusually strong.
Robin throws the goblin at you! The goblin hits you but does no damage.
The goblin no longer looks unusually strong.
Robin says, "Bow before me, strongest of all the hobgoblins!"
Robin roars a battlecry!
The goblins go into a battle-frenzy!
The goblin hits you but does no damage. The goblin hits you with a +0 dagger.
* * * LOW HITPOINT WARNING * * *
You open the door. The goblin barely misses you.
There is an open door here.
The goblin hits you with a +0 club.
You die...

### #.......# # .#
g.###.......# ###
..).#.......# #..
..#g######.## #.#
..#.# #.#####.#
..#)# #.w...#.#
..#g# #...gg#.#
..#g.#####....g#.#
........."....gg@#
.###.#####....g###
.# .# #....## ..
#....# #. #....#
.# ......#
#.#.!..# #.#..###


You could see a worm, Robin, a hobgoblin (strong) and 3 goblins.

Vanquished Creatures
  A ball python (D:1)
  3 bats
  3 endoplasms
  A giant cockroach (D:2)
  8 goblins
  2 hobgoblins (D:1)
  2 frilled lizards (D:1)
  A kobold (D:1)
  5 rats
26 creatures vanquished.

Vanquished Creatures (others)
  A fungus (D:2)
  7 plants (D:2)
8 creatures vanquished.

Grand Total: 34 creatures vanquished

Notes
Turn   | Place    | Note
-------+----------+-------------------------------------------
     0 | D:1      | Fetmaboll the Demonspawn Gladiator began the quest for the
                  | Orb.
     0 | D:1      | Reached XP level 1. HP: 16/16 MP: 1/1
   138 | D:1      | Reached skill level 3 in Polearms
   326 | D:1      | Gained mutation: Your movements are slightly less
                  | encumbered by armour. (ER -2) [demonic ancestry]
   326 | D:1      | Reached XP level 2. HP: 19/22 MP: 2/2
   346 | D:1      | Learned a level 1 spell: Animate Skeleton
  1102 | D:2      | Found a faded altar of an unknown god.
  1194 | D:2      | Noticed Robin
  1251 | D:2      | HP: 1/22 [goblin[Robin] (4)]
  1254 | D:2      | Slain by a goblin

Illustrated notes

Levels and vault maps discovered:
D:1:      scummos_arrival_simple_crosswalls, layout_basic,
          chequers_serial_rivers_large_a
D:2:      layout_basic, shapermc_ecumenical_altar_mp_urbaneastern,
          lexackson_kobold_supper, uniq_robin, uniq_jessica

Skill      XL: |  1 |
---------------+----+-----
Polearms       | 3 |  3.5
Fighting       | |  2.1
Throwing       | |  1.7
Armour         | |  0.3
Dodging        | |  2.6
Stealth        | |  0.1
Spellcasting   | |  0.3

Action                   || total
-------------------------++-------
Melee: Trident           ||    69
Armor: Leather armour    ||    31
Dodge: Dodged            ||    43
